 Dungeon Crawl Stone Soup version 0.29.1-2-gbd0b4ee654 (webtiles) character file.

Game seed: 8647747853091430791

182 Ruebezahl the Conjurer (level 5, -5/28 HPs)
             Began as a Deep Elf Conjurer on Nov 17, 2022.
             Killed from afar by an orc wizard (9 damage)
             ... with a magic dart
             ... on level 4 of the Dungeon.
             The game lasted 00:10:35 (3611 turns).

Ruebezahl the Conjurer (Deep Elf Conjurer)          Turns: 3611, Time: 00:10:36

Health: -5/28      AC:  2    Str:  4    XL:     5   Next: 35%
Magic:  7/14       EV: 12    Int: 31    God:
Gold:   169        SH:  0    Dex: 13    Spells: 12/13 levels left

rFire   . . .      SeeInvis .   (no weapon)
rCold   . . .      Faith    .   (no shield)
rNeg    . . .      Spirit   .   a - +0 robe
rPois   .          Reflect  .   (no helmet)
rElec   .          Harm     .   (no cloak)
rCorr   .          Rampage  .   (no gloves)
Will    .....                   (no boots)
Stlth   ++........              (no amulet)
HPRegen 0.09/turn               c - ring of wizardry
MPRegen 0.14/turn               g - +6 ring of intelligence

@: no status effects
A: no striking features
a: no special abilities


You were on level 4 of the Dungeon.
You visited 1 branch of the dungeon, and saw 4 of its levels.

You collected 169 gold pieces.

Inventory:

Missiles
 d - 8 javelins
Armour
 a - a +0 robe (worn)
Jewellery
 c - a ring of wizardry (left hand)
 g - a +6 ring of intelligence (right hand)
 k - a ring of resist corrosion
 l - a ring of protection from fire
Scrolls
 e - 4 scrolls of identify {unknown}
 i - a scroll of amnesia {unknown}
Potions
 b - a potion of magic
 f - a potion of degeneration {unknown}
 h - a potion of flight {unknown}
 j - a potion of invisibility {unknown}
 m - 2 potions of brilliance {unknown}
 n - 2 potions of curing {unknown}


   Skills:
 + Level 2.7 Dodging
 + Level 3.3 Stealth
 + Level 4.6 Spellcasting
 + Level 6.2 Conjurations


You had 12 spell levels left.
You knew the following spells:

 Your Spells              Type           Power      Damage    Failure   Level
a - Magic Dart            Conj           100%       1d8       1%          1

Your spell library contained the following spells:

 Spells                   Type           Power      Damage    Failure   Level
 Searing Ray              Conj           92%        2d7       1%          2
 Dazzling Flash           Conj/Hex       52%        N/A       1%          3
 Fulminant Prism          Conj/Hex       13%        3d9       6%          4
 Iskenderun's Mystic Bla  Conj/Tloc      26%        2d7       6%          4


Dungeon Overview and Level Annotations

Branches:
Dungeon (4/15)
 Temple: D:4-7

Altars:
Cheibriados
Nemelex Xobeh
Yredelemnul


Message History

The orc is severely wounded.
The orc barely misses you.
Unknown command.
Casting: Magic Dart (safe; 1% risk of failure)
Confirm with . or Enter, or press ? or * to list all spells.
Aiming: Magic Dart (safe; 1% risk of failure)
Press: ? - help, Shift-Dir - straight line, f/p - orc
Aim: an orc, wielding a +0 club and wearing a +0 leather armour (severely wounded, 100% to hit)
The magic dart hits the orc.
You kill the orc!
The orc wizard barely misses you.
Unknown command.
Casting: Magic Dart (safe; 1% risk of failure)
Confirm with . or Enter, or press ? or * to list all spells.
Aiming: Magic Dart (safe; 1% risk of failure)
Press: ? - help, Shift-Dir - straight line, f - orc wizard
Aim: an orc wizard, wielding a +0 dagger and wearing a +0 robe (100% to hit)
The magic dart hits the orc wizard.
The orc wizard is moderately wounded.
The orc wizard hits you with a +0 dagger.
Casting: Magic Dart (safe; 1% risk of failure)
Confirm with . or Enter, or press ? or * to list all spells.
Aiming: Magic Dart (safe; 1% risk of failure)
Press: ? - help, Shift-Dir - straight line, f/p - orc wizard
Aim: an orc wizard, wielding a +0 dagger and wearing a +0 robe (moderately wounded, 100% to hit)
The magic dart hits the orc wizard but does no damage.
The orc wizard is moderately wounded.
The orc wizard mumbles some strange words.
The orc wizard flickers and vanishes!
Deactivating autopickup; reactivate with Ctrl-A.
You hear some strange, mumbled words.
Something tries to affect you, but you resist.
You see here a ball python skeleton.
Something tries to affect you, but you resist.
A puff of flame appears from out of thin air!
The puff of flame hits you!
* * * LOW HITPOINT WARNING * * *
A magic dart appears from out of thin air!
The magic dart hits you!
You die...

........###.#.####..##....###..
##.............# ##.###.†.# ..
#.......##.....###..# #...##
........##.........####....#
##..#...##........####....##
....##.##..........#.......#
...##........##....{....##.....
>..##....#..###.#..###.##
...... ....#....#......@### #.#
...... ......####........# #..#
...### ......#...........###..#
..# ......#........⌠...#.... ..
...#...............##.#.
..####................#.. ..#
##.................. ...#
#..................(. ..##
#..................


There were no monsters in sight!

Vanquished Creatures
  A hound (D:4)
  An orc wizard (D:4)
  4 adders
  A worm (D:2)
  4 dart slugs
  3 orcs
  6 endoplasms
  5 giant cockroaches
  9 hobgoblins
  7 jackals
  6 kobolds
  4 quokkas
  3 ball pythons
  4 bats
  4 frilled lizards
  7 goblins
  9 rats
78 creatures vanquished.

Vanquished Creatures (others)
  A fungus (D:2)
  5 plants (D:2)
6 creatures vanquished.

Grand Total: 84 creatures vanquished

Notes
Turn   | Place    | Note
-------+----------+-------------------------------------------
     0 | D:1      | Ruebezahl the Deep Elf Conjurer began the quest for the
                  | Orb.
     0 | D:1      | Reached XP level 1. HP: 10/10 MP: 6/6
   345 | D:1      | Reached XP level 2. HP: 15/15 MP: 5/8
   571 | D:1      | Reached skill level 5 in Conjurations
  1197 | D:2      | Reached XP level 3. HP: 19/19 MP: 5/9
  1272 | D:2      | Found a faded altar of an unknown god.
  1740 | D:2      | Found a snail-covered altar of Cheibriados.
  1785 | D:2      | Reached XP level 4. HP: 24/24 MP: 8/11
  2391 | D:3      | Reached skill level 6 in Conjurations
  2518 | D:3      | Found a basalt altar of Yredelemnul.
  3211 | D:4      | Noticed an ice beast
  3327 | D:4      | Reached XP level 5. HP: 24/28 MP: 6/13
  3558 | D:4      | Found a sparkling altar of Nemelex Xobeh.
  3611 | D:4      | Killed from afar by an orc wizard

Illustrated notes

Levels and vault maps discovered:
D:1:      giann_forest_graveyard, layout_loops_ring
D:2:      layout_loops_ring, shapermc_ecumenical_altar_mp_urbaneastern,
          basic_altar
D:3:      layout_basic, mainiacjoe_overflow_small_starburst
D:4:      layout_cave_pools, mainiacjoe_overflow_concentric_impassable,
          temple_hall, solitary_fountain, chequers_serial_rivers_room_b,
          dk_noncrumbling_2, serial_bayou_pond_c, wad_orctagon

Skill      XL: |  1  2  3  4 |
---------------+-------------+-----
Conjurations   | 5 6 |  6.2
Stealth        | 3 |  3.3
Spellcasting   | 4 |  4.6
Dodging        | |  2.7

Action                   |  1- 3 |  4- 6 || total
-------------------------+-------+-------++-------
Melee: Unarmed           |    14 |       ||    14
       Punch             |     1 |       ||     1
 Cast: Magic Dart        |    82 |    96 ||   178
Armor: Robe              |       |     1 ||     1
Dodge: Dodged            |     7 |     7 ||    14
